AoeStats
← Solraclml

Arabia

509487522Analyzed
4v4 RM · 6d ago on Sep 26, 2026· 31m 3s· 8 players
Game mode
Random Map
Map size
Large (8 player)
Population
200
Speed
Normal
Resources
Standard
Victory
Conquest
Starting age
Dark Age
Ending age
Imperial Age
RankedLock teamsTeams togetherTeam positionsShared explorationLock speedFull tech treeHidden civsTurbo modeCheats
Victory
Defeat
🇨🇴 Britons · Colombia
1141
+6
🇲🇽 Ethiopians · Mexico
928
+13
🇲🇽 Mongols · Mexico
915
+13
🇨🇴 Maya · Colombia
790
+18
🇺🇸 Celts · United States
893
-15
🇺🇸 Huns · United States
862
-12
🇺🇸 Inca · United States
861
-12
🇺🇸 Mongols · United States
832
-11
Jelling4
1:50 Loom
9:40 Feudal Age
10:26 Double-Bit Axe
12:55 Wheelbarrow
12:07 Horse Collar
14:00 Man-at-Arms
14:47 Scale Mail Armor
14:58 Forging
15:37 Fletching
17:07 Town Watch
18:24 Bloodlines
27:07 Padded Archer Armor
30:00 Scale Barding Armor
HereticMink
0:44 Loom
12:24 Feudal Age
12:48 Horse Collar
15:12 Double-Bit Axe
19:45 Bloodlines
22:34 Castle Age
23:09 Forging
23:21 Light Cavalry
27:58 Iron Casting
Jdz702
8:05 Loom
10:45 Feudal Age
11:41 Double-Bit Axe
11:39 Horse Collar
15:44 Forging
15:25 Fletching
18:19 Champi Runner
31:14 Castle Age
vino102284
0:35 Loom
11:57 Feudal Age
13:32 Wheelbarrow
14:32 Horse Collar
14:43 Town Watch
31:17 Castle Age
LeonardX003
2:46 Loom
10:13 Feudal Age
11:11 Double-Bit Axe
11:27 Horse Collar
13:27 Town Watch
18:06 Wheelbarrow
21:53 Castle Age
24:02 Crossbowman
24:47 Thumb Ring
27:18 Fletching
27:28 Padded Archer Armor
30:20 Bodkin Arrow
Solraclml
11:01 Feudal Age
13:27 Double-Bit Axe
18:23 Castle Age
16:57 Scale Barding Armor
16:58 Horse Collar
17:17 Loom
18:13 Gold Mining
20:09 Bow Saw
24:44 Husbandry
25:29 Chain Barding Armor
26:25 Wheelbarrow
27:38 Heavy Plow
27:32 Stone Mining
28:54 Forging
29:26 Bloodlines
28:40 Pikeman
30:00 Gold Shaft Mining
30:04 Stone Shaft Mining
33:27 Imperial Age
31:52 Iron Casting
AG ALEXKNG1
6:05 Loom
12:04 Feudal Age
12:18 Man-at-Arms
14:16 Double-Bit Axe
18:00 Fletching
22:03 Padded Archer Armor
29:17 Castle Age
28:02 Gold Mining
27:53 Horse Collar
29:46 Wheelbarrow
28:56 Town Watch
29:24 Crossbowman
30:01 Bodkin Arrow
31:02 Leather Archer Armor
ElAbueloXD12
0:47 Loom
10:40 Feudal Age
11:59 Double-Bit Axe
12:09 Gold Mining
15:28 Fletching
21:04 Padded Archer Armor
24:34 Castle Age
25:31 Thumb Ring
24:47 Crossbowman
25:28 Bodkin Arrow
25:49 Leather Archer Armor
27:07 Bow Saw
29:59 Ballistics
Connection lost

Rejoining the realm…

Still unreachable

The connection could not be restored.

Session expired

The server has moved on; the page needs a fresh start.